 Dungeon Crawl Stone Soup version 0.19.1-1-g22dce08 (webtiles) character file.

273 Alarkh the Chopper (level 6, 38/47 HPs)
             Began as a Demonspawn Monk on Jan 5, 2017.
             Quit the game on level 5 of the Dungeon.
             The game lasted 00:05:29 (3461 turns).

Alarkh the Chopper (Demonspawn Monk)                Turns: 3461, Time: 00:05:30

Health: 38/47      AC:  5    Str: 11    XL:     6   Next: 2%
Magic:  15/15      EV: 12    Int: 13    God:
Gold:   133        SH:  0    Dex: 16    Spells: 0 memorised, 5 levels left

rFire  + . .     SeeInvis .     a - +2 hand axe
rCold  . . .     Gourm    .     p - +0 leather armour (curse)
rNeg   . . .     Faith    .     (no shield)
rPois  .         Spirit   .     (helmet restricted)
rElec  .         Reflect  .     q - +0 cloak
rCorr  .         Harm     .     s - +0 pair of gloves
MR     .....                    (no boots)
Stlth  ++........               (no amulet)
                                (no ring)
                                f - ring of magical power

@: drained
A: antennae 1, fire resistance 1, spiny 1, sanguine armour 1
a: no special abilities


You were on level 5 of the Dungeon.
You were not hungry.

You visited 1 branch of the dungeon, and saw 5 of its levels.

You collected 133 gold pieces.

Inventory:

Hand Weapons
 a - a +2 hand axe (weapon)
Armour
 e - a +0 robe
 k - a +0 helmet
 p - a cursed +0 leather armour (worn)
 q - a +0 cloak (worn)
 s - a +0 pair of gloves (worn)
Rods
 b - a +1 rod of shadows (9/10)
   (You found it on level 2 of the Dungeon)
 w - a +0 rod of shadows (9/13)
   (You found it on level 3 of the Dungeon)
Jewellery
 f - a ring of magical power (left hand)
Wands
 i - a wand of random effects (27/48)
 n - a wand of confusion (14/48)
Scrolls
 d - a scroll of identify {unknown}
 g - a scroll of magic mapping {unknown}
 l - 3 scrolls of remove curse
 m - a scroll of teleportation {unknown}
Potions
 h - a potion of heal wounds {unknown}
 t - a potion of degeneration {unknown}
Comestibles
 c - 3 bread rations
 j - 5 meat rations
 r - 6 chunks of flesh


   Skills:
 - Level 3.0(2.9) Fighting
 * Level 6.0(5.9) Axes
 - Level 2.6 Dodging
 - Level 1.7 Stealth
 + Level 1.3(1.2) Evocations


You had 5 spell levels left.
You didn't know any spells.

Dungeon Overview and Level Annotations

Branches:
Dungeon (5/15)
 Temple: D:4-7

Altars:
Elyvilon
Xom


Innate Abilities, Weirdness & Mutations

You have a pair of small antennae on your head.
Your flesh is heat resistant. (rF+)
You are partially covered in sharp spines.
When seriously injured, your bleeding wounds create armour. (AC +0)


Message History

You destroy the howler monkey skeleton!
You have reached level 6!
Your experience leads to an increase in your attributes!
Increase (S)trength, (I)ntelligence, or (D)exterity?
You feel clever.
Your demonic ancestry asserts itself...
You feel resistant to heat.
You see here a worker ant corpse.
You butcher the worker ant corpse.
r - 6 chunks of flesh (gained 3)
You barely miss the butterfly.
i - a wand of random effects
There is a shimmering altar of Xom here.
(D) Dungeon
Where to? (Enter - D:4 @ (x,y), ? - help)
Okay, then.
There is a stone staircase leading down here.
You climb downwards.
Found 20 stones.
Found an escape hatch in the ceiling.
There is a stone staircase leading up here.
Are you sure you want to abandon this character and quit the game? (Confirm with "yes".)

# #. #.<
#(..
+....
#.....###
.......@#
####..###
.... ###.
#


There were no monsters in sight!

Vanquished Creatures
  A worker ant (D:4)
  Ijyb (D:2)
  Natasha (twice) (D:2 D:1)
  Robin (D:1)
  A howler monkey skeleton (D:4)
  2 adders
  3 worms (D:3)
  2 dart slugs
  A leopard gecko (D:2)
  7 orcs (D:3)
  4 giant cockroaches
  19 goblins
  11 hobgoblins
  4 jackals
  A quokka (D:2)
  A ball python (D:1)
  8 bats
  5 frilled lizards
  8 kobolds
  9 rats
91 creatures vanquished.

Vanquished Creatures (collateral kills)
  Crazy Yiuf (D:3)
  A goblin (D:2)
  3 jackals (D:2)
  A kobold (D:2)
6 creatures vanquished.

Grand Total: 97 creatures vanquished

Notes
Turn   | Place    | Note
-------+----------+-------------------------------------------
     0 | D:1      | Alarkh the Demonspawn Monk began the quest for the Orb.
     0 | D:1      | Reached XP level 1. HP: 18/18 MP: 1/1
    31 | D:1      | Reached skill level 3 in Axes
   117 | D:1      | Gained mutation: When seriously injured, your bleeding wounds create armour. (AC +0) [demonic ancestry]
   117 | D:1      | Reached XP level 2. HP: 12/24 MP: 2/2
   917 | D:1      | Gained mutation: You are partially covered in sharp spines. [demonic ancestry]
   917 | D:1      | Reached XP level 3. HP: 29/29 MP: 3/3
  1023 | D:2      | Reached skill level 4 in Axes
  1050 | D:2      | Noticed Robin
  1204 | D:1      | Killed Robin
  1392 | D:2      | Noticed Natasha
  1664 | D:2      | Killed Natasha
  1664 | D:2      | Gained mutation: You have a pair of small antennae on your head. [demonic ancestry]
  1664 | D:2      | Reached XP level 4. HP: 14/35 MP: 4/4
  1682 | D:2      | Noticed Natasha
  1702 | D:1      | Killed Natasha
  1702 | D:1      | Reached skill level 5 in Axes
  1883 | D:2      | Identified a +1 rod of shadows (10/10) (You found it on level 2 of the Dungeon)
  1891 | D:2      | Noticed Ijyb
  1903 | D:2      | Killed Ijyb
  1903 | D:2      | Reached XP level 5. HP: 27/41 MP: 5/5
  1937 | D:2      | Found a white marble altar of Elyvilon.
  2556 | D:3      | Found a runed door.
  3233 | D:3      | Identified a +0 rod of shadows (13/13) (You found it on level 3 of the Dungeon)
  3274 | D:3      | Noticed Crazy Yiuf
  3304 | D:3      | Killed Crazy Yiuf
  3425 | D:4      | Found a shimmering altar of Xom.
  3441 | D:4      | Reached skill level 6 in Axes
  3441 | D:4      | Reached skill level 1 in Evocations
  3444 | D:4      | Gained mutation: Your flesh is heat resistant. (rF+) [demonic ancestry]
  3444 | D:4      | Reached XP level 6. HP: 35/47 MP: 6/6
  3460 | D:5      | Entered Level 5 of the Dungeon
  3461 | D:5      | Quit the game

Skill      XL: |  1  2  3  4  5 |
---------------+----------------+-----
Axes           | 3 4 5 6 |  6.0
Evocations     | 1 |  1.3
Fighting       | |  3.0
Dodging        | |  2.6
Stealth        | |  1.7

Action                   |  1- 3 |  4- 6 || total
-------------------------+-------+-------++-------
Melee: Hand axe          |   128 |   111 ||   239
Evoke: Rod               |       |     6 ||     6
  Use: Potion            |     2 |     3 ||     5
       Scroll            |     2 |     2 ||     4
 Stab: Sleeping          |     6 |     4 ||    10
       Distracted        |       |     1 ||     1
  Eat: Chunk             |     2 |     7 ||     9
       Pizza             |       |     1 ||     1
Armor: Robe              |    21 |     8 ||    29
       Leather armour    |       |    12 ||    12
Dodge: Dodged            |    90 |    45 ||   135
